 Dungeon Sprint DCSS version 0.24.0-123-gd5b16e6ec5 (webtiles) character file.

Game seed: 2005114416362382781, levelgen mode: deterministic

1900000 FessEmpty the Conqueror (level 20, -13/157 HPs)
             Began as a Gargoyle Berserker on Jan 6, 2020.
             Mangled by a meat berserker
             ... wielding a +9 battleaxe
              (67 damage)
             ... in the Dungeon (Sprint VIII: "Arena of Blood").
             The game lasted 00:03:09 (19 turns).

FessEmpty the Conqueror (Gargoyle Berserker)          Turns: 19, Time: 00:03:09

Health: -13/157    AC: 19    Str: 30    XL:     20   Next: 58%
Magic:  18/51      EV: 26    Int:  8    God:
Gold:   0          SH:  0    Dex:  9    Spells: 73/73 levels left

rFire    . . .     SeeInvis .   j - +∞ Axe of Woe
rCold    . . .     Gourm    .   (shield currently unavailable)
rNeg     + . .     Faith    .   b - +0 animal skin
rPois    ∞         Spirit   .   (no helmet)
rElec    +         Reflect  .   (no cloak)
rCorr    .         Harm     .   (no gloves)
MR       +....     NoTele   +   (no boots)
Stlth    +++++++++.             (no amulet)
HPRegen  0.36/turn              (no ring)
MPRegen  0.32/turn              (no ring)

@: no status effects
A: big wings, negative energy resistance 1, electricity resistance, unbreathing,
petrification resistance, rot immunity, AC +15
a: Fly


You were in the Dungeon.
You were not hungry.

You visited 1 branch

Inventory:

Hand Weapons
 a - a +0 mace
 j - the +∞ Axe of Woe (weapon)
   (You found it in the Dungeon)
Armour
 b - a +0 animal skin (worn)
Scrolls
 i - a scroll of blinking
Potions
 d - a potion of curing
 e - a potion of heal wounds
 f - a potion of haste
 g - 2 potions of magic
 h - a potion of berserk rage
Comestibles
 c - a ration


   Skills:
 O Level 27 Fighting
 + Level 8.0(18.6) Axes
 O Level 27 Maces & Flails
 O Level 27 Armour
 O Level 27 Dodging
 O Level 27 Stealth
 O Level 27 Spellcasting


You had 73 spell levels left.
You didn't know any spells.
Your spell library was empty.

Dungeon Overview and Level Annotations

Branches:
Dungeon (1/1)

Altars:
Makhleb


Innate Abilities, Weirdness & Mutations

You are resistant to torment.
Your stone body is resilient. (AC +15)
You are immune to poison.
Your large and strong wings let you fly indefinitely.
You resist negative energy. (rN+)
You are resistant to electric shocks. (rElec)
You can survive without breathing.
You are immune to petrification.
You are immune to rotting.


Message History

Your experience leads to an increase in your attributes!
Increase (S)trength, (I)ntelligence, or (D)exterity?
You feel stronger.
You have reached level 4!
You feel stronger.
You have reached level 5!
You have reached level 6!
Your experience leads to an increase in your attributes!
Increase (S)trength, (I)ntelligence, or (D)exterity?
You feel stronger.
You have reached level 7!
You have reached level 8!
You feel stronger.
You have reached level 9!
Your experience leads to an increase in your attributes!
Increase (S)trength, (I)ntelligence, or (D)exterity?
You feel stronger.
You have reached level 10!
You have reached level 11!
You have reached level 12!
Your experience leads to an increase in your attributes!
Increase (S)trength, (I)ntelligence, or (D)exterity?
You feel stronger.
You feel clever.
You slice the bag of meat!!
You cleave the bag of meat in twain.
You kill the bag of meat!
Trog accepts your kill.
You can now call upon Trog for regeneration and magic resistance.
Your Maces & Flails skill gained 11 levels and is now at level 18!
You have reached level 13!
You hear a shout! x10
A bag of meat comes into view. It is wielding a +9 war axe. x2
You hear a shout!
The bag of meat hits you with a +9 war axe!!
You hear a shout! x8; The bag of meat shouts!
The bag of meat shouts!
You slice the bag of meat!!
You butcher the bag of meat messily.
You kill the bag of meat!
Trog accepts your kill.
Your Maces & Flails skill gained 4 levels and is now at level 22!
You have reached level 14!
Your wings grow larger and stronger.
You hit the bag of meat but do no damage.
You dissect the bag of meat like a pig carcass.
You kill the bag of meat!
Trog accepts your kill.
Your Maces & Flails skill gained 3 levels and is now at level 25!
You hear a shout! x5
The meat berserker hits you with a +9 battleaxe!
You hear a shout! x4
You dice the meat berserker like an onion!!!
You pulverise the meat berserker into a thin bloody mist.
You kill the meat berserker!
Trog accepts your kill.
Trog will now gift you ammunition as you gain piety.
You have mastered Maces & Flails!
You need to enable at least one skill for training.
Your Armour skill gained 16 levels and is now at level 18!
You have reached level 15!
Your experience leads to an increase in your attributes!
Increase (S)trength, (I)ntelligence, or (D)exterity?
You feel stronger.
You slice the bag of meat!!
You pulverise the bag of meat into a thin bloody mist.
You kill the bag of meat!
Trog accepts your kill.
Your Armour skill gained 4 levels and is now at level 22!
You have reached level 16!
You feel stronger.
You hear a shout! x4
A meat berserker comes into view. It is wielding a +9 battleaxe.
You hear a shout! x13
The meat berserker moves out of view.
You hear a shout!
You hit the bag of meat.
You hew the bag of meat savagely.
You kill the bag of meat!
Trog accepts your kill.
Your Armour skill gained 4 levels and is now at level 26!
You hear a shout! x8
A bag of meat comes into view. It is wielding a +9 war axe.
You hear a shout! x2
A bag of meat comes into view. It is wielding a +9 war axe.
The bag of meat shouts!
You hear a shout! x5
Items here: ))) === † 7 orcs and an ogre come into view.
The meat berserker shouts!
The bag of meat shouts! x5; You hear a shout! x6
A bag of meat comes into view. It is wielding a +9 war axe. x2
You hear a shout! x2
You hit the bag of meat.
You pulverise the bag of meat into a thin bloody mist.
You kill the bag of meat!
Trog accepts your kill.
You have mastered Armour!
You need to enable at least one skill for training.
Your Dodging skill gained 9 levels and is now at level 10!
The meat berserker appears out of thin air!
A meat berserker comes into view. It is wielding a +9 battleaxe.
The meat berserker shouts!
You hear a shout! x6
A meat berserker comes into view. It is wielding a +9 battleaxe.
You hear a shout! x3
A bag of meat comes into view. It is wielding a +9 war axe.
You hear a shout! x2 2 orcs and 2 ogres come into view.
The meat berserker shouts!
The bag of meat shouts!
You hear a shout! x6
A bag of meat comes into view. It is wielding a +9 war axe.
You hear a shout! x2
A meat berserker comes into view. It is wielding a +9 battleaxe.
A bag of meat comes into view. It is wielding a +9 war axe.
The bag of meat hits you with a +9 war axe!!
A bag of meat comes into view. It is wielding a +9 war axe.
You hear a shout! x3
You hit the meat berserker but do no damage.
You chop the meat berserker into pieces.
You kill the meat berserker!
Trog accepts your kill.
You can now call in reinforcements.
Your Dodging skill gained 8 levels and is now at level 18!
You have reached level 17!
You hit the bag of meat but do no damage.
You dissect the bag of meat like a pig carcass.
You kill the bag of meat!
Trog accepts your kill.
Your Dodging skill gained 3 levels and is now at level 21!
You hit the bag of meat.
You pulverise the bag of meat into a thin bloody mist.
You kill the bag of meat!
Trog accepts your kill.
Your Dodging skill gained 2 levels and is now at level 23!
You have reached level 18!
Your experience leads to an increase in your attributes!
Increase (S)trength, (I)ntelligence, or (D)exterity?
You feel stronger.
You hear a shout! x8
A bag of meat comes into view. It is wielding a +9 war axe.
The meat berserker hits you with a +9 battleaxe!!
You hear a shout! x4; You hear two shouts!
A large bag of meat comes into view. It is wielding a +9 giant spiked club.
The bag of meat shouts!
The large bag of meat shouts in stereo!
You slash the meat berserker!
You butcher the meat berserker messily.
You kill the meat berserker!
Trog accepts your kill.
Trog will now gift you weapons as you gain piety.
You have mastered Dodging!
You need to enable at least one skill for training.
Trog doesn't appreciate your training magic!
You feel extremely guilty. Trog will no longer gift you weapons.
Your Spellcasting skill gained 5 levels and is now at level 5!
You cut the bag of meat into ribbons!!!
You cleave the bag of meat in twain.
You kill the bag of meat!
Trog accepts your kill.
Trog doesn't appreciate your training magic!
You can no longer call in reinforcements.
Your Spellcasting skill gained 9 levels and is now at level 14!
You slash the bag of meat!
You dissect the bag of meat like a pig carcass.
You kill the bag of meat!
Trog accepts your kill.
You can now call upon Trog for regeneration and magic resistance.
Trog doesn't appreciate your training magic!
You can no longer call upon Trog for regeneration and magic resistance.
You have lost your religion!
Trog does not appreciate desertion!
Your Spellcasting skill gained 4 levels and is now at level 18!
You have reached level 19!
You slash the bag of meat!
You pulverise the bag of meat into a thin bloody mist.
You kill the bag of meat!
Your Spellcasting skill gained 3 levels and is now at level 21!
You slice the bag of meat!!
You fatally mangle the bag of meat.
You kill the bag of meat!
Your Spellcasting skill gained 3 levels and is now at level 24!
You dice the meat berserker like an onion!!!
You chop the meat berserker into pieces.
You kill the meat berserker!
You have mastered Spellcasting!
You need to enable at least one skill for training.
Your Stealth skill gained 13 levels and is now at level 13!
You hear a shout! x13
A bag of meat comes into view. It is wielding a +9 war axe.
You hear two shouts!
Okay, then.
You slice the bag of meat!!
You butcher the bag of meat messily.
You kill the bag of meat!
Your Stealth skill gained 7 levels and is now at level 20!
You have reached level 20!
You feel stronger.
You chop the bag of meat into pieces!!!
You butcher the bag of meat messily.
You kill the bag of meat!
Your Stealth skill gained 4 levels and is now at level 24!
You slash the bag of meat!
You slaughter the bag of meat joyfully.
You kill the bag of meat!
You have mastered Stealth!
You need to enable at least one skill for training.
Your base Axes skill gained 8 levels and is now at level 8!
The destroyer appears out of thin air!
A destroyer comes into view.
It is wielding a +9 great sword of slicing.
You hear a shout! x11
A bag of meat comes into view. It is wielding a +9 war axe.
You hear a shout! x4
The meat berserker hits you with a +9 battleaxe!!!
You die...

...###... ..###.
........###...O..
#o.V....._.....
..... #.....#
......#_.<._# .
......#.))..#....
#......O)o)......
......Oo###......
...###.)@)...###.
#.oOO...#
#o......#
.o.o...o....
..o..........
..o........o...
.........oO.o##
...#........#.


You could see a destroyer (wandering), a large bag of meat (inner flame), 4 meat
berserkers and 12 bags of meat.

Vanquished Creatures
  4 ogres (D)
  16 orcs (D)
20 creatures vanquished.

Notes
Turn   | Place    | Note
-------+----------+-------------------------------------------
     0 | D        | Found the +∞ Axe of Woe
     0 | D        | FessEmpty the Gargoyle Berserker began the quest for the
                  | Orb.
     0 | D        | Reached XP level 1. HP: 14/14 MP: 1/1
     2 | D        | Noticed a bag of meat
     2 | D        | Noticed a bag of meat
     3 | D        | Noticed a bag of meat
     4 | D        | Noticed a bag of meat
     6 | D        | Noticed a bag of meat
     6 | D        | Noticed a bag of meat
     7 | D        | Noticed a meat berserker
     9 | D        | Killed a bag of meat
     9 | D        | Reached skill level 27 in Fighting
     9 | D        | Reached XP level 2. HP: 50/50 MP: 2/2
     9 | D        | Reached XP level 3. HP: 56/56 MP: 3/3
     9 | D        | Reached XP level 4. HP: 62/62 MP: 4/4
     9 | D        | Reached XP level 5. HP: 68/68 MP: 5/5
     9 | D        | Reached XP level 6. HP: 74/74 MP: 6/6
     9 | D        | Reached XP level 7. HP: 80/80 MP: 7/7
     9 | D        | Reached XP level 8. HP: 86/86 MP: 8/8
     9 | D        | Reached XP level 9. HP: 92/92 MP: 9/9
     9 | D        | Reached XP level 10. HP: 98/98 MP: 10/10
     9 | D        | Reached XP level 11. HP: 104/104 MP: 11/11
     9 | D        | Reached XP level 12. HP: 110/110 MP: 12/12
     9 | D        | Killed a bag of meat
     9 | D        | Reached ** piety under Trog
     9 | D        | Reached XP level 13. HP: 116/116 MP: 13/13
     9 | D        | Noticed a bag of meat
     9 | D        | Noticed a bag of meat
    10 | D        | Killed a bag of meat
    10 | D        | Gained mutation: Your large and strong wings let you fly
                  | indefinitely. [Gargoyle growth]
    10 | D        | Reached XP level 14. HP: 90/122 MP: 14/14
    10 | D        | Killed a bag of meat
    11 | D        | Killed a meat berserker
    11 | D        | Reached *** piety under Trog
    11 | D        | Reached skill level 27 in Maces & Flails
    11 | D        | Reached XP level 15. HP: 86/127 MP: 15/15
    11 | D        | Reached XP level 16. HP: 90/133 MP: 16/16
    11 | D        | Noticed a meat berserker
    14 | D        | Noticed a meat berserker
    15 | D        | Reached skill level 27 in Armour
    15 | D        | Reached skill level 10 in Dodging
    15 | D        | Noticed a meat berserker
    15 | D        | Noticed a meat berserker
    16 | D        | Noticed a meat berserker
    16 | D        | Noticed a meat berserker
    16 | D        | Noticed a meat berserker
    17 | D        | Killed a meat berserker
    17 | D        | Reached **** piety under Trog
    17 | D        | Reached XP level 17. HP: 78/139 MP: 17/17
    17 | D        | Reached XP level 18. HP: 81/145 MP: 18/18
    18 | D        | Noticed a large bag of meat
    18 | D        | Killed a meat berserker
    18 | D        | Reached ***** piety under Trog
    18 | D        | Reached skill level 27 in Dodging
    18 | D        | Reached skill level 5 in Spellcasting
    18 | D        | Fell from the grace of Trog
    18 | D        | Reached XP level 19. HP: 51/151 MP: 18/41
    18 | D        | Killed a meat berserker
    18 | D        | Reached skill level 27 in Spellcasting
    19 | D        | Reached XP level 20. HP: 53/157 MP: 18/51
    19 | D        | Reached skill level 27 in Stealth
    19 | D        | Mangled by a meat berserker

Levels and vault maps discovered:
D:        meatsprint

Skill      XL: |  1  2  3  4  5  6  7  8  9 10 11 12 13 14 15 16 17 18 19 20 |
---------------+-------------------------------------------------------------+-----
Fighting       | 27 | 27.0
Maces & Flails | 7 18 22 27 | 27.0
Armour         | 18 22 27 | 27.0
Dodging        | 18 23 27 | 27.0
Spellcasting   | 18 27 | 27.0
Stealth        | 20 27 | 27.0
Axes           | 8 |  8.0

Action                   |  1- 3 |  4- 6 |  7- 9 | 10-12 | 13-15 | 16-18 | 19-21 || total
-------------------------+-------+-------+-------+-------+-------+-------+-------++-------
Melee: Executioner's axe |     1 |       |       |       |     2 |     4 |     1 ||     8
